 Dungeon Crawl Stone Soup version 0.26-a0-958-gf3041fb45f (webtiles) character file.

Game seed: 5714810195930198647

119 robertstho the Ruffian (level 4, -5/45 HPs)
             Began as a Troll Berserker on Nov 30, 2020.
             Was a Priest of Trog.
             Killed by nerve-wracking pain
             ... invoked by Grinder
              (13 damage)
             ... on level 3 of the Dungeon.
             The game lasted 00:02:15 (1710 turns).

robertstho the Ruffian (Troll Berserker)            Turns: 1710, Time: 00:02:15

Health: -5/45      AC:  6    Str: 25    XL:     4   Next: 74%
Magic:  3/3        EV:  5    Int:  4    God:    Trog [***...]
Gold:   138        SH: 12    Dex:  9    Spells: 3/3 levels left

rFire    . . .     SeeInvis .     - Unarmed
rCold    . . .     Faith    .   f - +0 tower shield
rNeg     . . .     Spirit   .   a - +0 animal skin
rPois    .         Reflect  .   (helmet restricted)
rElec    .         Harm     .   (no cloak)
rCorr    .         Rampage  .   (gloves unavailable)
MR       .....                  (boots unavailable)
Stlth    +.........             (no amulet)
HPRegen  0.55/turn              (no ring)
MPRegen  0.08/turn              (no ring)

@: berserk cooldown, slowed, very slow
A: large, unfitting armour, claws 3, regeneration 1, shaggy fur 1, tough skin 3
a: Berserk, Trog's Hand, Renounce Religion


You were on level 3 of the Dungeon.
You worshipped Trog.
Trog was most pleased with you.
You visited 1 branch of the dungeon, and saw 3 of its levels.

You collected 138 gold pieces.

Inventory:

Armour
 a - a +0 animal skin (worn)
 f - a +0 tower shield (worn)
Wands
 i - a wand of polymorph (5)
Scrolls
 c - a scroll of noise {unknown}
 d - a scroll of enchant armour {unknown}
 g - a scroll of teleportation {unknown}
 h - a scroll of fog {unknown}
 j - a scroll of identify {unknown}
Potions
 b - a potion of curing {unknown}
 e - a potion of haste {unknown}


   Skills:
 * Level 3.2 Fighting
 + Level 2.8 Dodging
 + Level 0.7 Shields
 * Level 4.3 Unarmed Combat


You had 3 spell levels left.
You didn't know any spells.
Your spell library was empty.

Dungeon Overview and Level Annotations

Branches:
Dungeon (3/15)

Altars:
Kikubaaqudgha

Annotations:
D:3 Grinder


Innate Abilities, Weirdness & Mutations

You are too large for most types of armour.
You have claws for hands.
Your natural rate of healing is unusually fast.
You are covered in fur. (AC +1)
You have extremely tough skin. (AC +3)


Message History

Grinder gestures at you.
You suddenly lose the ability to move!
The bat hits you but does no damage. Grinder hits you but does no damage.
Grinder blinks!
The bat hits you but does no damage. The bat hits you.
* * * LOW HITPOINT WARNING * * *
Grinder gestures at you.
You shrug off the repeated paralysis!
The bat hits you but does no damage. The bat hits you.
* * * LOW HITPOINT WARNING * * *
You can move again.
You closely miss the bat. You block the bat's attack.
Grinder blinks!
You feel a strong urge to attack something.
You feel your anger nearly subside.
You are no longer berserk.
You are exhausted.
You feel yourself slow down. Grinder gestures at you.
Pain shoots through your body!
You die...

.###......#
#####
.........###
....#
#........ยง.
....# #
#......# ....#
#. #5..# ....#
###.#####.#)#
....#
#.......#.#b#
##.##
#.......#.#..
#.#
#.......#@##..
#.#
#.........#
#.. #.##
#........##
... #.)#
#.......##
.... ##.#
#.......# #.#
#.....).# #.##
#.......#
###..#
#.......#
.###.#
###....##


You could see Grinder.

Vanquished Creatures
  Ijyb (D:2)
  3 adders
  A worm (D:2)
  A dart slug (D:1)
  2 leopard geckos (D:2)
  An orc (D:3)
  A giant cockroach (D:1)
  8 goblins
  9 hobgoblins
  3 quokkas (D:2)
  A ball python (D:1)
  8 bats
  6 frilled lizards
  10 kobolds
  6 rats
61 creatures vanquished.

Vanquished Creatures (others)
  A withered plant (D:3)
1 creature vanquished.

Grand Total: 62 creatures vanquished

Notes
Turn   | Place    | Note
-------+----------+-------------------------------------------
     0 | D:1      | robertstho the Troll Berserker began the quest for the Orb.
     0 | D:1      | Reached XP level 1. HP: 22/22 MP: 0/0
   140 | D:1      | Reached XP level 2. HP: 29/29 MP: 1/1
   465 | D:1      | Reached ** piety under Trog
   569 | D:1      | Reached XP level 3. HP: 36/36 MP: 2/2
  1088 | D:2      | Reached skill level 4 in Unarmed Combat
  1088 | D:2      | Reached XP level 4. HP: 38/45 MP: 3/3
  1440 | D:3      | Noticed Ijyb
  1470 | D:2      | Killed Ijyb
  1554 | D:3      | Found an ancient bone altar of Kikubaaqudgha.
  1651 | D:3      | Reached *** piety under Trog
  1694 | D:3      | Noticed Grinder
  1701 | D:3      | Paralysed by Grinder for 4 turns
  1710 | D:3      | Killed from afar by Grinder

Illustrated notes

Levels and vault maps discovered:
D:1:      tarquinn_simple_flora_water_d, layout_loops_ring, minmay_heptomino_h4
D:2:      layout_loops_ring
D:3:      layout_rooms, kiku_gazebo_garden_becter, uniq_ijyb, uniq_grinder

Skill      XL: |  1  2  3 |
---------------+----------+-----
Fighting       | 3 |  3.2
Unarmed Combat | 4 |  4.3
Dodging        | |  2.8
Shields        | |  0.7

Action                   |  1- 3 |  4- 6 || total
-------------------------+-------+-------++-------
Melee: Unarmed           |   103 |    58 ||   161
Invok: Berserk           |       |     2 ||     2
       Trog's Hand       |       |     1 ||     1
 Stab: Sleeping          |     1 |       ||     1
Armor: Animal skin       |    31 |    25 ||    56
Dodge: Dodged            |    27 |    13 ||    40
Block: Tower shield      |    26 |    43 ||    69

Table legend: (Time is in decaauts)
 A = Elapsed time spent in this place.
 B = Non-inter-level travel time spent in this place.
 C = Inter-level travel time spent in this place.
 D = Time resting spent in this place.
 E = Time spent auto-exploring this place.
 F = Levels seen in this place.
 G = Mean time per level.
                   A        B        C        D        E       F      G
               +--------+--------+--------+--------+--------+-----+--------+
         Total |   1722 |   1671 |     51 |     57 |   1252 |   3 |  574.0 |
       Dungeon |   1722 |   1671 |     51 |     57 |   1252 |   3 |  574.0 |
               +--------+--------+--------+--------+--------+-----+--------+

Top non-repeatable levels by time:
     D:2: 845 daAuts
     D:1: 678 daAuts
     D:3: 198 daAuts
